 Dungeon Crawl Stone Soup version 0.27.0-1-g7a089689b8 (webtiles) character file.

Game seed: 15205464268671046515

1094 mainiacjoe the Covert (level 8, -3/62 HPs)
             Began as a Naga Air Elementalist on July 31, 2021.
             Was a Priest of Fedhas.
             Slain by a troll (16 damage)
             ... on level 6 of the Dungeon.
             The game lasted 00:27:44 (6682 turns).

mainiacjoe the Covert (Naga Air Elementalist)       Turns: 6682, Time: 00:27:46

Health: -3/62      AC:  6    Str: 17    XL:     8   Next: 31%
Magic:  9/11       EV:  9    Int: 17    God:    Fedhas [***...]
Gold:   31         SH:  0    Dex: 12    Spells: 1/11 levels left

rFire    . . .     SeeInvis +   w - +1 dagger (venom)
rCold    . . .     Faith    +   (no shield)
rNeg     + . .     Spirit   .   e - +0 troll leather armour {Purgy}
rPois    +         Reflect  .   F - +1 helmet
rElec    .         Harm     .   (no cloak)
rCorr    +         Rampage  .   (no gloves)
Will     +....                  (no barding)
Stlth    ++++......             t - amulet of faith
HPRegen  1.20/turn              C - ring "Kyvip" {rN+ rCorr SInv}
MPRegen  0.12/turn              B - +6 ring of strength {=R}

@: short of breath, very slow
A: AC +2, large, see invisible, deformed body, poison resistance, slowness 2,
spit poison 1, naga tail 1
a: Spit Poison, Renounce Religion, Wall of Briars, Grow Ballistomycete


You were on level 6 of the Dungeon.
You worshipped Fedhas.
Fedhas was most pleased with you.
You visited 2 branches of the dungeon, and saw 7 of its levels.
You also visited: Sewer.

You collected 187 gold pieces.
You spent 156 gold pieces at shops.

Inventory:

Hand Weapons
 a - a +2 short sword of protection
 b - a +0 hunting sling
 w - a +1 dagger of venom (weapon)
Missiles
 c - 42 arrows
 g - 49 stones
 k - 26 poisoned darts (quivered)
 n - 35 bolts
Armour
 e - a +0 troll leather armour (worn) {Purgy}
 f - a +0 robe
 F - a +1 helmet (worn)
Jewellery
 t - an amulet of faith (around neck)
 B - a +6 ring of strength (right hand) {=R}
 C - the ring "Kyvip" (left hand) {rN+ rCorr SInv}
   (You found it on level 4 of the Dungeon)

   [ring of resist corrosion]

   rN:        It protects you from negative energy.
   SInv:      It lets you see invisible.
   rCorr:     It protects you from acid and corrosion.
Wands
 l - a wand of iceblast (4)
 y - a wand of polymorph (6)
 H - a wand of paralysis (10)
Scrolls
 h - a scroll of brand weapon
 j - 2 scrolls of blinking {unknown}
 o - 3 scrolls of teleportation {unknown}
 p - 2 scrolls of magic mapping
 s - 2 scrolls of enchant armour
 x - a scroll of fear {unknown}
 A - a scroll of vulnerability {unknown}
 E - a scroll of summoning {unknown}
Potions
 d - a potion of lignification
 i - 2 potions of curing
 m - 3 potions of degeneration {unknown}
 q - 2 potions of cancellation {unknown}
 r - a potion of heal wounds {unknown}
 u - 3 potions of haste {unknown}
 v - a potion of mutation {unknown}
 z - 3 potions of brilliance {unknown}
 D - 3 potions of flight {unknown}
 G - a potion of invisibility {unknown}


   Skills:
 + Level 4.5 Short Blades
 - Level 1.5 Dodging
 - Level 10.0 Stealth
 - Level 2.0 Spellcasting
 - Level 2.0 Conjurations
 - Level 6.0 Air Magic


You had one spell level left.
You knew the following spells:

 Your Spells              Type           Power      Damage    Failure   Level
a - Shock                 Conj/Air       60%        1d6       4%          1
b - Swiftness             Air            22%        N/A       6%          3
c - Static Discharge      Conj/Air       15%        N/A       7%          2
d - Airstrike             Air            11%        N/A       21%         4

Your spell library contained the following spells:

 Spells                   Type           Power      Damage    Failure   Level
 Beastly Appendage        Tmut           2%         N/A       24%         1
 Slow                     Hex            1%         N/A       34%         2
 Wereblood                Tmut           1%         N/A       34%         2
 Confusing Touch          Hex            1%         N/A       56%         3
 Spider Form              Tmut/Pois      0%         N/A       56%         3
 Vampiric Draining        Necr           0%         2d6       56%         3


Dungeon Overview and Level Annotations

Branches:
Dungeon (6/15)             Temple (1/1) D:4           Sewer (visited)

Altars:
Cheibriados
Dithmenos
Elyvilon
Fedhas
Gozag
Kikubaaqudgha
Makhleb
Nemelex Xobeh
Qazlal
Ru
Sif Muna
Trog
Uskayaw
Vehumet
Wu Jian
Zin
The Shining One

Shops:
D:3 [   D:4 *

Annotations:
D:6 Edmund


Innate Abilities, Weirdness & Mutations

Your serpentine skin is tough. (AC +2)
You have supernaturally acute eyesight. (SInv)
Armour fits poorly on your strangely shaped body.
Your system is resistant to poisons. (rPois)
You cover ground very slowly.
You can spit poison.
You have a snake-like lower body.


Message History

The zap hits the troll.
The troll is lightly wounded.
The zap misses the adder.
The adder hisses angrily.
Casting: Shock (safe; 4% risk of failure)
Confirm with . or Enter, or press ? or * to list all spells.
Aiming: Shock (safe; 4% risk of failure)
Press: ? - help, Shift-Dir - straight line, f/p - adder
Aim: an adder (53% to hit)
The zap hits the troll but does no damage.
The troll is lightly wounded.
The zap hits the ogre.
The ogre is lightly wounded.
The zap hits the adder.
The adder is lightly wounded.
Press: ? - help, Shift-Dir - straight line, f/p - adder
Aim: an adder (lightly wounded)
The splash of poison hits the troll.
The troll is poisoned.
The troll is lightly wounded.
Edmund the Younger comes into view.
He is wielding a +1 vorpal dire flail.
The troll bites you! The troll claws you. x2
You hit the troll.
The troll is moderately wounded.
You barely miss the troll.
The troll is moderately wounded.
The troll bites you but does no damage. The troll claws you!
The troll claws you.
You barely miss the troll.
The troll is moderately wounded.
The troll bites you!
* * * LOW HITPOINT WARNING * * *
The troll barely misses you. The troll claws you.
* * * LOW HITPOINT WARNING * * *
Unknown command.
As you read the scroll labelled HULYTS IMEORI, it crumbles to dust.
It is a scroll of enchant armour.
Your +0 helmet glows green for a moment.
The troll bites you!
You die...
Fedhas appreciates your contribution to the ecosystem.

,*,* #.# #.# #########.. ,*,*
#.# #.# #.. **,* #.# #.#
#####.. **,* #.# #.# #......
,,,****##.** #.# #.###.#
,,,,,,,....** #.# #.# #.#
,,,,,,,#....** #.# #.# #.#
,,,**,**#....#####.# #.# #.#
,,,,,** *#...SOT@..###### #.#
#.#
,,,**,**#...@########...###.#
#.# ,,,**,,#....**
#.....##.###.# *⌠**,,,.S.T**
#............# ,^,**,*##.**
#.....##.##### *^,_****#,*
##...###.## ≈≈,,**,,,,******
##.## #.[# *__≈≈*,***,,,,,*
#.# ##.# ≈_,^,⌠,* *,***,* #.#
#.#


You could see Edmund, a troll (poisoned), an ogre and an adder.

Vanquished Creatures
  Purgy (Sewer)
  2 black bears (D:5)
  3 scorpions
  A water moccasin zombie (D:5)
  A water moccasin skeleton (D:3)
  An orc priest (D:4)
  A centaur skeleton (D:3)
  2 hounds
  A gnoll shaman (D:5)
  2 iguanas
  2 orc wizards (D:4)
  A scorpion zombie (D:4)
  A hound skeleton (D:4)
  10 gnolls
  5 adders
  2 worms
  A dart slug (D:5)
  10 orcs
  6 endoplasms
  4 giant cockroaches
  16 goblins
  2 hobgoblins (D:1)
  9 jackals
  5 quokkas
  8 ball pythons
  2 bats
  7 frilled lizards
  6 kobolds
  6 rats
118 creatures vanquished.

Notes
Turn   | Place    | Note
-------+----------+-------------------------------------------
     0 | D:1      | mainiacjoe the Naga Air Elementalist began the quest for
                  | the Orb.
     0 | D:1      | Reached XP level 1. HP: 15/15 MP: 3/3
   181 | D:1      | Reached XP level 2. HP: 20/22 MP: 5/5
   184 | D:1      | Learned a level 2 spell: Static Discharge
   328 | D:1      | Reached skill level 4 in Stealth
   528 | D:1      | Found a faded altar of an unknown god.
   543 | D:1      | Reached XP level 3. HP: 19/28 MP: 4/6
   983 | D:1      | Became a worshipper of Fedhas Madash
   983 | D:1      | Reached * piety under Fedhas
   988 | D:1      | Learned a level 3 spell: Swiftness
  1092 | D:2      | Found a shimmering blue altar of Sif Muna.
  1460 | D:2      | Reached skill level 5 in Stealth
  1634 | D:1      | Reached XP level 4. HP: 19/36 MP: 5/7
  2468 | D:2      | Reached ** piety under Fedhas
  2619 | D:2      | Reached skill level 6 in Stealth
  2619 | D:2      | Reached XP level 5. HP: 42/42 MP: 1/8
  2932 | D:3      | Reached skill level 7 in Stealth
  3174 | D:3      | You fall into a shaft and drop 2 floors!
  3174 | D:5      | Entered Level 5 of the Dungeon
  3175 | D:5      | Noticed a two-headed ogre
  3217 | D:5      | Noticed a black bear
  3324 | D:5      | Killed a black bear
  3325 | D:5      | Reached XP level 6. HP: 5/49 MP: 6/9
  3585 | D:5      | Found a glowing drain.
  3589 | Sewer    | Entered a sewer
  3713 | Sewer    | Noticed Purgy
  3724 | Sewer    | Killed Purgy
  3725 | Sewer    | Reached skill level 8 in Stealth
  3929 | D:5      | Reached skill level 5 in Air Magic
  3955 | D:5      | Reached skill level 9 in Stealth
  3955 | D:5      | Reached XP level 7. HP: 55/55 MP: 10/10
  3962 | D:5      | Learned a level 4 spell: Airstrike
  4342 | D:4      | Identified the ring "Kyvip" {rN+ rCorr SInv}
  4409 | D:3      | Reached skill level 10 in Stealth
  4477 | D:3      | Reached *** piety under Fedhas
  4518 | D:3      | Found Ohias's Antique Armour Shoppe.
  4687 | D:3      | Reached skill level 1 in Short Blades
  4825 | D:4      | Found an ornate altar of the Wu Jian Council.
  4826 | D:4      | Found a hide-covered altar of Uskayaw.
  4966 | D:4      | Found a staircase to the Ecumenical Temple.
  4989 | Temple   | Entered the Ecumenical Temple
  5176 | D:4      | Found Ewetrent's Gadget Gallery.
  5241 | D:4      | Reached XP level 8. HP: 61/62 MP: 5/11
  5726 | D:5      | Identified the +0 robe of the Apothecary {rPois rF- rC++
                  | Regen+}
  5826 | D:5      | Identified the +3 mace of Arrival {flame, rPois rC- Dex+4
                  | Stlth+}
  6408 | D:4      | Bought a wand of paralysis (10) for 156 gold pieces
  6673 | D:6      | Noticed a troll
  6678 | D:6      | Noticed Edmund
  6682 | D:6      | Slain by a troll

Illustrated notes

Levels and vault maps discovered:
D:1:      roderic_octagonal_star, layout_basic,
          shapermc_ecumenical_altar_notcrosses
D:2:      layout_loops_corners, basic_altar, st_stairs_12, minmay_3d_cube
D:3:      layout_basic, serial_shops, shop
D:4:      layout_loops_corners, gammafunk_temple_overflow_statue,
          minmay_temple_entry_antechambers, glass_columns_b,
          nicolae_shop_gadgets
D:5:      layout_loops_cross, gup_sewer_entry_bowl
D:6:      layout_loops_ring, nicolae_sif_muna_little_library,
          nicolae_hepliaklqana_hippocampus, xom_redecorated, uniq_edmund
Temple:   zaba_magenta_temple

Skill      XL: |  1  2  3  4  5  6  7  8 |
---------------+-------------------------+-----
Stealth        | 4 5 6 7 9 10 | 10.0
Conjurations   | 2 |  2.0
Air Magic      | 4 5 6 |  6.0
Short Blades   | 2 4 |  4.5
Dodging        | |  1.5
Spellcasting   | |  2.0

Action                   |  1- 3 |  4- 6 |  7- 9 || total
-------------------------+-------+-------+-------++-------
Melee: Dagger            |     1 |    73 |    69 ||   143
       Whip              |    15 |    11 |       ||    26
       Short sword       |       |       |    76 ||    76
Throw: Dart              |       |    19 |     5 ||    24
       Stone             |       |     1 |       ||     1
 Cast: Shock             |    28 |    29 |    13 ||    70
       Swiftness         |       |     1 |     2 ||     3
       Static Discharge  |       |       |     5 ||     5
       Airstrike         |       |       |     1 ||     1
 Abil: Spit Poison       |    21 |    20 |     9 ||    50
Evoke: Wand              |       |     2 |       ||     2
  Use: Scroll            |     2 |     3 |     2 ||     7
       Potion            |       |     1 |       ||     1
 Stab: Sleeping          |     2 |     3 |    16 ||    21
Armor: Robe              |     2 |    26 |       ||    28
       Troll leather arm |       |       |    44 ||    44
Dodge: Dodged            |    11 |    57 |    61 ||   129
